 Dungeon Crawl Stone Soup version 0.17.2-1-ge4368a0 (webtiles) character file.

97 Goblin1989 the Cudgeler (level 4, 0/49 HPs)
             Began as a Demonspawn Wanderer on Sept 10, 2016.
             Killed from afar by an orc wizard (7 damage)
             ... with a magic dart
             ... on level 3 of the Dungeon.
             The game lasted 00:07:27 (2027 turns).

Goblin1989 the Cudgeler (Demonspawn Wanderer)       Turns: 2027, Time: 00:07:27

Health: 0/49       AC: 22    Str: 12    XL:     4   Next: 42%
Magic:  0/4        EV:  2    Int: 14    God:
Gold:   85         SH:  7    Dex: 13    Spells: 0 memorised, 3 levels left

rFire  . . .     SeeInvis .     a - +0 mace
rCold  . . .     Clarity  .     (armour currently unavailable)
rNeg   + + +     SustAt   .     q - +0 shield
rPois  +         Gourm    .     (helmet currently unavailable)
rElec  .         Spirit   +     (cloak currently unavailable)
rCorr  .         Warding  .     (gloves currently unavailable)
rMut   .         NoTele   +     (boots currently unavailable)
MR     .....                    (no amulet)
Stlth  ++........               (no ring)
                                (no ring)

@: tree-form, not resistant to hostile enchantments, unstealthy
A: (large bone plates 0), magic shield, rot immunity
a: no special abilities


You were on level 3 of the Dungeon.
You were not hungry.
You were a tree.
You visited 1 branch of the dungeon, and saw 3 of its levels.

You collected 85 gold pieces.

Inventory:

Hand Weapons
 a - a +0 mace (weapon)
Armour
 e - a +2 scale mail (melded)
 q - a +0 shield (worn)
 u - a +0 plate armour
 v - a +0 pair of boots (melded)
Scrolls
 g - a scroll of amnesia {unknown}
 i - 2 scrolls of teleportation {unknown}
 j - 6 scrolls of remove curse {unknown}
 k - 2 scrolls of enchant armour {unknown}
 l - 2 scrolls of identify {unknown}
 n - 2 scrolls of magic mapping {unknown}
 p - a scroll of recharging {unknown}
 t - 2 scrolls of enchant weapon {unknown}
Potions
 b - a potion of agility {unknown}
 f - a potion of flight {unknown}
 m - 2 potions of curing {unknown}
 o - a potion of poison {unknown}
 s - a potion of cure mutation {unknown}
Comestibles
 d - 3 bread rations
 h - a meat ration


   Skills:
 + Level 2.1 Fighting
 * Level 3.3(3.8) Maces & Flails
   Level 2.6(3.5) Staves
   Level 1.0 Bows
 + Level 2.0 Armour
 - Level 1.2 Stealth
 + Level 1.0 Shields


You had 3 spell levels left.
You didn't know any spells.

Dungeon Overview and Level Annotations

Branches:
Dungeon (3/15)

Altars:
Qazlal


Innate Abilities, Weirdness & Mutations

((You are partially covered in large bone plates (AC +2, SH +2).))
When hurt, damage is shared between your health and your magic reserves.
You are immune to rotting.


Message History

The giant gecko barely misses you. You block the orc wizard's attack.
The giant gecko bites you but does no damage.
The orc hits you but does no damage.
The orc wizard hits you but does no damage.
You sock the giant gecko!
You kill the giant gecko!
The orc wizard gestures wildly while chanting.
The orc wizard blinks!
The orc hits you but does no damage.
You closely miss the orc. The orc hits you but does no damage.
You block the orc's attack.
You hit the orc.
The orc is moderately wounded.
The orc hits you but does no damage. x2
The orc wizard hits you but does no damage.
The orc hits you but does no damage.
You hit the orc.
The orc is severely wounded.
The orc wizard casts a spell at you. The magic dart hits you!
You die...

#. .##
#.####.##.##### .##.
.....##.# ....
#..##.# ##...
##...#.# .....
#..#...# ....?.
#.###..#
.....?######.###..###
......o#...[.........
#o♣..........##.
#.o##.............
#........(###......
###>#.###.# #......
###. #... ...... .
..... ..8.. .. #.##.
..... ## #.# #. ..#
..


You could see an orc wizard and 2 orcs.

Vanquished Creatures
  A hound (D:3)
  An adder (D:3)
  3 giant geckos
  An orc (D:3)
  6 bats
  A giant cockroach (D:1)
  10 goblins
  7 hobgoblins
  4 jackals (D:2)
  7 kobolds
  2 quokkas (D:2)
  5 giant newts
  2 rats (D:1)
50 creatures vanquished.

Notes
Turn   | Place    | Note
--------------------------------------------------------------
     0 | D:1      | Goblin1989 the Demonspawn Wanderer began the quest for the Orb.
     0 | D:1      | Goblin1989 set off with: a +2 scale mail, a +0 short sword, a potion of lignification, a bread ration
     0 | D:1      | Reached XP level 1. HP: 16/16 MP: 1/1
   292 | D:1      | Reached skill level 1 in Maces & Flails
   315 | D:1      | You fall through a shaft!
   318 | D:2      | Gained mutation: You are immune to rotting. [demonic ancestry]
   318 | D:2      | Reached XP level 2. HP: 17/22 MP: 2/2
   907 | D:1      | Gained mutation: When hurt, damage is shared between your health and your magic reserves. [demonic ancestry]
   907 | D:1      | Reached XP level 3. HP: 20/27 MP: 3/3
  1273 | D:2      | Found a stormy altar of Qazlal.
  1354 | D:3      | Reached skill level 3 in Maces & Flails
  1354 | D:3      | Gained mutation: You are partially covered in large bone plates (AC +2, SH +2). [demonic ancestry]
  1354 | D:3      | Reached XP level 4. HP: 28/33 MP: 1/4
  2027 | D:3      | Killed from afar by an orc wizard

Action                   |  1- 3 |  4- 6 || total
-------------------------+-------+-------++-------
Melee: Mace              |   120 |    85 ||   205
       Short sword       |     6 |       ||     6
  Use: Potion            |       |     1 ||     1
  Eat: Chunk             |     1 |     3 ||     4
